 Dungeon Crawl Stone Soup version 0.23.0-38-g208d714 (webtiles) character file.

Game seed: 17143248260010242753

709 Fang the Skirmisher (level 7, -3/66 HPs)
             Began as a Gargoyle Berserker on Feb 27, 2019.
             Was a Priest of Trog.
             Slain by an ogre
             ... wielding a +0 giant spiked club
              (23 damage)
             ... on level 5 of the Dungeon.
             The game lasted 00:03:32 (4479 turns).

Fang the Skirmisher (Gargoyle Berserker)            Turns: 4479, Time: 00:03:32

Health: -3/66      AC: 14    Str: 27    XL:     7   Next: 68%
Magic:  7/7        EV: 10    Int:  8    God:    Trog [***...]
Gold:   227        SH:  0    Dex:  9    Spells: 6/6 levels left

rFire    . . .     SeeInvis .   a - +0 hand axe
rCold    . . .     Gourm    .   (no shield)
rNeg     + . .     Faith    .   f - +0 chain mail
rPois    ∞         Spirit   .   (no helmet)
rElec    +         Reflect  .   (no cloak)
rCorr    .         Harm     .   (no gloves)
MR       +....                  (no boots)
Stlth    ..........             o - amulet of the acrobat
HPRegen  0.21/turn              j - ring of protection from magic
MPRegen  0.10/turn              (no ring)

@: berserking, very quick
A: negative energy resistance 1, electricity resistance, unbreathing,
petrification resistance, rot immunity, AC +4
a: Berserk, Trog's Hand, Renounce Religion


You were on level 5 of the Dungeon.
You worshipped Trog.
Trog was most pleased with you.
You were hungry.

You visited 1 branch of the dungeon, and saw 5 of its levels.

You collected 227 gold pieces.

Inventory:

Hand Weapons
 a - a +0 hand axe (weapon)
Armour
 f - a +0 chain mail (worn)
Jewellery
 j - a ring of protection from magic (left hand)
 o - an amulet of the acrobat (around neck)
Scrolls
 e - 4 scrolls of remove curse {unknown}
 h - 4 scrolls of identify {unknown}
 k - 3 scrolls of immolation {unknown}
 l - a scroll of enchant weapon {unknown}
 m - 3 scrolls of enchant armour {unknown}
 p - a scroll of teleportation {unknown}
Potions
 d - 2 potions of agility {unknown}
 g - a potion of mutation {unknown}
 i - 2 potions of might {unknown}
 n - a potion of lignification {unknown}
 q - a potion of invisibility {unknown}
 r - 2 potions of ambrosia {unknown}
 s - a potion of degeneration {unknown}
 t - a potion of curing {unknown}
Comestibles
 b - 7 chunks of flesh
 c - 6 rations


   Skills:
 + Level 5.5 Fighting
 + Level 4.5 Axes
 + Level 4.9 Armour
 + Level 3.6 Dodging


You had 6 spell levels left.
You didn't know any spells.
Your spell library was empty.

Dungeon Overview and Level Annotations

Branches:
Dungeon (5/15)             Temple (0/1) D:5

Altars:
Trog
Xom
Yredelemnul

Shops:
D:5 *


Innate Abilities, Weirdness & Mutations

You are resistant to torment.
Your stone body is resilient. (AC +4)
You are immune to poison.
You resist negative energy. (rN+)
You are resistant to electric shocks. (rElec)
You can survive without breathing.
You are immune to petrification.
You are immune to rotting.


Message History

You are too injured to fight recklessly!
You are too injured to fight recklessly!
You are too injured to fight recklessly!
You are too injured to fight recklessly!
You are too injured to fight recklessly!
You are too injured to fight recklessly!
You are too injured to fight recklessly!
You are too injured to fight recklessly!
You are too injured to fight recklessly!
You hit the ogre.
The ogre is heavily wounded.
The ogre hits you with a +0 giant spiked club.
* * * LOW HITPOINT WARNING * * *
A red film seems to cover your vision as you go berserk!
You feel yourself moving faster!
You feel mighty!
You are feeling hungry.
You slash the ogre!
The ogre is severely wounded.
The ogre hits you with a +0 giant spiked club!!
You die...

#........# ##....####
##......#.## #...∩...## #
##......##..# #.###.....
#.#......#....## #.. #....#
##..............###.... #...##
#.###....#............ ##..#
#.###.)####.........#...##...##
####.##))# #..................#
#.##.#...######.@O# ...#####..
##.......##.....!## ... ##.
##.##.......##..# #. ##
#.##....######..# # # ####....#
##.# # #...#.# .# . ##.##.# ..
.# #.# #. ### .## #.# ## #.


You could see an ogre.

Vanquished Creatures
  Sigmund (D:3)
  A scorpion (D:5)
  A howler monkey (D:4)
  2 crimson imps (D:5)
  A hound (D:4)
  An orc priest (D:5)
  A jelly (D:5)
  An orc wizard (D:5)
  Natasha (thrice) (D:2)
  A worker ant (D:4)
  2 hound skeletons
  6 adders
  2 oozes
  2 worms (D:2)
  2 dart slugs (D:1)
  2 leopard geckos
  12 orcs
  8 giant cockroaches
  6 goblins
  10 hobgoblins
  5 jackals
  6 kobolds
  6 quokkas
  A ball python (D:4)
  7 bats
  7 frilled lizards
  A quokka zombie (D:5)
  3 rats (D:2)
101 creatures vanquished.

Vanquished Creatures (others)
  A wizard (D:3)
1 creature vanquished.

Grand Total: 102 creatures vanquished

Notes
Turn   | Place    | Note
-------+----------+-------------------------------------------
     0 | D:1      | Fang the Gargoyle Berserker began the quest for the Orb.
     0 | D:1      | Reached XP level 1. HP: 14/14 MP: 1/1
   220 | D:1      | Reached XP level 2. HP: 13/19 MP: 2/2
   770 | D:2      | Reached XP level 3. HP: 20/23 MP: 3/3
  1130 | D:2      | Reached XP level 4. HP: 23/29 MP: 4/4
  1170 | D:2      | Found a shimmering altar of Xom.
  1209 | D:2      | Noticed Natasha
  1229 | D:2      | Killed Natasha
  1229 | D:2      | Reached skill level 4 in Fighting
  1431 | D:2      | Reached ** piety under Trog
  1524 | D:2      | Reached XP level 5. HP: 32/33 MP: 5/5
  1656 | D:2      | Noticed Natasha
  1677 | D:2      | Killed Natasha
  2214 | D:2      | Noticed Natasha
  2220 | D:2      | Killed Natasha
  2304 | D:3      | Noticed Sigmund
  2312 | D:3      | Killed Sigmund
  2312 | D:3      | Reached XP level 6. HP: 40/40 MP: 6/6
  3076 | D:3      | Found a bloodstained altar of Trog.
  3079 | D:3      | Noticed a wizard
  3085 | D:3      | Killed a wizard
  3160 | D:4      | Found a basalt altar of Yredelemnul.
  3322 | D:4      | Reached *** piety under Trog
  3346 | D:4      | Reached skill level 5 in Fighting
  3604 | D:4      | Reached XP level 7. HP: 38/44 MP: 7/7
  3661 | D:5      | Entered Level 5 of the Dungeon
  4135 | D:5      | Found a staircase to the Ecumenical Temple.
  4294 | D:5      | Found Tudag's Mass Market.
  4479 | D:5      | Slain by an ogre

Skill      XL: |  1  2  3  4  5  6 |
---------------+-------------------+-----
Axes           | 3 4 |  4.5
Dodging        | 2 3 |  3.6
Armour         | 3 4 |  4.9
Fighting       | 4 5 |  5.5

Action                   |  1- 3 |  4- 6 |  7- 9 || total
-------------------------+-------+-------+-------++-------
Melee: Hand axe          |   102 |   235 |   112 ||   449
Invok: Berserk           |       |     1 |     1 ||     2
  Eat: Chunk             |     1 |     9 |     3 ||    13
Armor: Animal skin       |    10 |       |       ||    10
       Chain mail        |    39 |   157 |    58 ||   254
Dodge: Dodged            |    46 |   144 |    54 ||   244
